 Dungeon Crawl Stone Soup version 0.31-a0-1327-g8c40ea976f (webtiles) character file.

Game seed: 2588814347562118825

6 GreatBamboolord the Apothecary (level 1, -2/24 HPs)
             Began as a Naga Alchemist on Dec 21, 2023.
             Slain by a kobold
             ... wielding a +0 dagger
              (4 damage)
             ... on level 1 of the Dungeon.
             The game lasted 00:01:08 (349 turns).

GreatBamboolord the Apothecary (Naga Alchemist)      Turns: 349, Time: 00:01:09

Health: -2/24      AC:  1    Str: 10    XL:     1   Next: 90%
Magic:  0/3        EV:  9    Int: 15    God:
Gold:   50         SH:  0    Dex: 11    Spells: 3/4 levels left

rFire   . . .        c - +0 short sword
rCold   . . .        (no shield)
rNeg    . . .        a - +0 robe
rPois   +            (no helmet)
rElec   .            (no cloak)
rCorr   .            (no gloves)
SInv    +            (no barding)
Will    .....        (no amulet) Stlth
                     (no ring)
HPRegen 0.24/turn    (no ring)
MPRegen 0.08/turn

%: no passive effects
@: berserking, quick
A: AC +0, large, see invisible, deformed body, poison resistance, slowness 2,
spit poison 1, naga tail 1
a: Spit Poison


You were on level 1 of the Dungeon.
You visited 1 branch of the dungeon, and saw 1 of its levels.

You collected 50 gold pieces.

Inventory:

Hand Weapons
 c - a +0 short sword (weapon)
Armour
 a - a +0 robe (worn)
Potions
 b - a potion of magic
 d - a potion of berserk rage


   Skills:
 + Level 0.3 Fighting
 + Level 1.6 Dodging
 + Level 3.2 Stealth
 + Level 2.0 Spellcasting
 + Level 1.1 Conjurations
 + Level 0.2 Air Magic
 + Level 3.6 Alchemy


You had 3 spell levels left.
You knew the following spells:

 Your Spells              Type           Power      Damage    Failure   Level
a - Sting                 Conj/Alch      32%        1d5       9%          1

Your spell library contained the following spells:

 Spells                   Type           Power      Damage    Failure   Level
 Mercury Vapours          Alch/Air       14%        N/A       16%         2
 Mephitic Cloud           Conj/Alch/Air  6%         N/A       32%         3
 Olgreb's Toxic Radiance  Alch           12%        N/A       43%         4
 Sticky Flame             Fire/Alch      7%         2d4       71%         4


Dungeon Overview and Level Annotations

Branches:
Dungeon (1/15)

Altars:


Innate Abilities, Weirdness & Mutations

Your serpentine skin is tough. (AC +0)
You have supernaturally acute eyesight. (SInv)
Armour fits poorly on your strangely shaped body.
Your system is resistant to poisons. (rPois)
You cover ground very slowly.
You can spit poison.
You have a snake-like lower body.


Message History

You kill the frilled lizard!
You are out of magic!
Found a stone staircase leading down.
A bat comes into view.
Found 6 gold pieces.
The bat barely misses you.
The sting hits the bat.
The bat is poisoned.
You kill the bat!
You can't see any susceptible monsters within range! (Use Z to cast anyway.)
You now have 50 gold pieces (gained 6).
A kobold comes into view. It is wielding a +0 dagger.
A kobold is nearby!
A kobold is nearby!
A goblin comes into view. It is wielding a +0 dagger.
The goblin shouts!
You hear a loud squeak.
You hear an angry hiss.
You closely miss the goblin. The goblin hits you but does no damage.
You miscast Sting.
You are very lightly contaminated with residual magic.
Nothing appears to happen.
The goblin hits you with a +0 dagger.
The sting hits the kobold but does no damage.
The kobold is poisoned.
The goblin hits you with a +0 dagger. The kobold hits you with a +0 dagger.
You are too injured to fight recklessly!
Aiming: Sting (safe; 9% risk of failure)
Press: ? - help, Q - select action, (/) - cycle Shift-Dir - straight line, f - goblin, p - kobold
Aim: a goblin, wielding a +0 dagger (60% to hit)
The sting misses the goblin.
The goblin hits you but does no damage. The kobold barely misses you.
Unknown command.
The kobold barely misses you. The goblin hits you with a +0 dagger.
The kobold looks more healthy.
The kobold hits you with a +0 dagger. The goblin misses you.
Your magical contamination has completely faded away.
The kobold hits you with a +0 dagger.
* * * LOW HITPOINT WARNING * * *
It was a potion of berserk rage.
A red film seems to cover your vision as you go berserk!
You feel yourself moving faster!
You feel mighty! The goblin hits you but does no damage.
The kobold hits you with a +0 dagger.
You die...

..# #.# #♣♣♣♣P♣♣♣♣
.## #.#####.##♣♣♣#
.# #............#
.# ###.#######..#
.# #.>........#
.##############.##
.................#
###############..#
#.@# #gK# #..#
#..# #..# #..#
#......# ##.#####
#.#


You could see a goblin and a kobold.

Vanquished Creatures
  A bat (D:1)
  An endoplasm (D:1)
  A hobgoblin (D:1)
  A kobold (D:1)
  A frilled lizard (D:1)
5 creatures vanquished.

Notes
Turn   | Place    | Note
-------+----------+-------------------------------------------
     0 | D:1      | GreatBamboolord the Naga Alchemist began the quest for the
                  | Orb.
     0 | D:1      | Reached XP level 1. HP: 15/15 MP: 3/3
   349 | D:1      | Slain by a kobold

Illustrated notes

Levels and vault maps discovered:
D:1:      nagdon_arrival_double_spiral, layout_loops_ring,
          nicolae_ecumenical_snake_handling, st_stairs_11

Action                     || total
---------------------------++-------
  Melee: Short sword       ||     5
         Unarmed           ||     1
   Cast: Sting             ||    12
    Use: Potion            ||     1
 Armour: Robe              ||    17
  Dodge: Dodged            ||     4

Table legend: (Time is in decaauts)
 A = Elapsed time spent in this place.
 B = Non-inter-level travel time spent in this place.
 C = Inter-level travel time spent in this place.
 D = Time resting spent in this place.
 E = Time spent auto-exploring this place.
 F = Levels seen in this place.
 G = Mean time per level.
                   A        B        C        D        E       F      G
               +--------+--------+--------+--------+--------+-----+--------+
         Total |    435 |    435 |      0 |      0 |    356 |   1 |  435.0 |
       Dungeon |    435 |    435 |      0 |      0 |    356 |   1 |  435.0 |
               +--------+--------+--------+--------+--------+-----+--------+

Top non-repeatable levels by time:
     D:1: 435 daAuts
